AoeStats
← AllBirds

Coastal Forest

510383753Analyzed
3v3 RM · 19h ago on Sep 30, 2026· 52m 9s· 6 players
Game mode
Random Map
Map size
Normal (6 player)
Population
200
Speed
Normal
Resources
Standard
Victory
Conquest
Starting age
Dark Age
Ending age
Imperial Age
RankedLock teamsTeams togetherTeam positionsShared explorationLock speedFull tech treeHidden civsTurbo modeCheats
Victory
Defeat
🇸🇪 Varangians · Sweden
969
+15
🇺🇸 Vikings · United States
940
+16
🇨🇳 Saracens · China
930
+17
🇨🇦 Teutons · Canada
964
-17
🇫🇷 Malay · France
939
-16
🇫🇷 Byzantines · France
929
-15
林北干林娘。
0:27 Loom
10:31 Feudal Age
11:06 Double-Bit Axe
20:36 Castle Age
20:08 Forging
19:51 Horse Collar
21:11 Scale Barding Armor
22:23 Bow Saw
23:45 Iron Casting
23:26 Heavy Plow
24:00 Gold Mining
25:17 Caravan
27:02 Gold Shaft Mining
28:12 Coinage
29:29 Town Watch
30:22 Wheelbarrow
30:07 Fishing Lines
31:10 Chain Barding Armor
32:09 Hand Cart
32:17 Town Patrol
32:53 Fletching
35:51 Imperial Age
33:44 Bimaristan
33:51 Bodkin Arrow
35:53 Stone Mining
35:59 Elite Mameluke
37:53 Conscription
38:15 Fortified Wall
39:18 Banking
40:21 Blast Furnace
39:56 Plate Barding Armor
40:07 Plate Barding Armor
42:55 Bracer
43:18 Counterweights
46:00 Ballistics
45:54 Masonry
45:30 Arrowslits
48:58 Padded Archer Armor
51:54 Siege Engineers
firstApe
10:37 Feudal Age
8:54 Loom
10:44 Feudal Age
12:09 Horse Collar
12:31 Double-Bit Axe
13:15 Bloodlines
19:04 Forging
21:21 Scale Barding Armor
25:35 Castle Age
24:33 Stone Mining
24:36 Gold Mining
24:51 Fletching
26:27 Wheelbarrow
25:37 Town Watch
26:49 Fishing Lines
29:22 Husbandry
29:47 Chain Barding Armor
32:19 Stone Shaft Mining
36:02 Bow Saw
36:01 Heavy Plow
39:26 Caravan
41:58 Coinage
41:06 Vendel Legacy
42:56 Hand Cart
42:41 Town Patrol
42:57 Town Patrol
45:34 Imperial Age
47:39 Iron Casting
47:40 Plate Barding Armor
46:41 Cavalier
52:16 Blast Furnace
51:11 Bodkin Arrow
52:31 Masonry
52:41 Ballistics
53:22 Chemistry
52:18 Murder Holes
52:28 Siege Engineers
AlexShukov13
0:26 Loom
11:37 Feudal Age
13:36 Double-Bit Axe
18:26 Fletching
22:36 Castle Age
26:52 Crossbowman
27:45 Town Watch
29:36 Ballistics
29:24 Padded Archer Armor
29:23 Bodkin Arrow
29:56 Squires
29:47 Pikeman
32:10 Padded Archer Armor
32:21 Forging
36:44 Imperial Age
35:40 Leather Archer Armor
35:21 Arson
35:47 Gold Mining
35:52 Stone Mining
36:58 Arbalester
39:02 Chemistry
39:18 Bracer
41:44 Conscription
42:32 Bogsveigar
43:12 Bow Saw
46:35 Elite Skirmisher
LeCissé
8:13 Loom
10:58 Feudal Age
11:05 Double-Bit Axe
13:00 Horse Collar
15:52 Wheelbarrow
21:45 Castle Age
21:33 Fletching
22:10 Bodkin Arrow
22:32 Gold Mining
23:33 Crossbowman
24:19 Padded Archer Armor
26:03 Bow Saw
27:51 Ballistics
30:15 Hand Cart
32:02 Town Watch
36:13 Imperial Age
35:44 Bracer
35:16 Arbalester
36:36 Thumb Ring
39:45 Leather Archer Armor
42:44 Town Patrol
50:20 Conscription
Boba Fett
10:09 Loom
12:24 Feudal Age
12:56 Double-Bit Axe
12:58 Horse Collar
14:38 Fishing Lines
19:44 Wheelbarrow
20:28 Fletching
20:39 Padded Archer Armor
20:46 Gold Mining
20:47 Stone Mining
25:23 Castle Age
23:47 Forging
23:37 Scale Mail Armor
23:43 Scale Barding Armor
26:02 Crossbowman
26:50 Thumb Ring
26:48 Heavy Plow
27:00 Bow Saw
27:09 Leather Archer Armor
26:50 Bodkin Arrow
30:13 Hand Cart
29:34 Elite Skirmisher
30:54 Coinage
30:17 Gillnets
31:51 Caravan
33:40 Fervor
37:37 Ballistics
37:00 Treadmill Crane
37:17 Murder Holes
40:11 Husbandry
39:33 Light Cavalry
43:31 Imperial Age
43:09 Fortified Wall
42:49 Guard Tower
44:48 Crop Rotation
45:20 Two-Man Saw
45:02 Gold Shaft Mining
45:03 Stone Shaft Mining
45:04 Ring Archer Armor
44:35 Bracer
45:11 Iron Casting
44:57 Chain Barding Armor
44:39 Arbalester
46:25 Hussar
46:26 Cavalier
AllBirds
8:15 Loom
11:09 Feudal Age
11:39 Double-Bit Axe
15:42 Horse Collar
16:44 Gold Mining
18:23 Wheelbarrow
19:21 Bloodlines
24:11 Fletching
24:48 Scale Barding Armor
25:04 Forging
28:59 Castle Age
32:06 Bow Saw
33:09 Iron Casting
42:01 Chain Barding Armor
42:16 Hand Cart
43:05 Fishing Lines
48:39 Imperial Age
49:03 Bodkin Arrow
48:43 Cavalier
Connection lost

Rejoining the realm…

Still unreachable

The connection could not be restored.

Session expired

The server has moved on; the page needs a fresh start.